[ AOE2 MATCH · #481981237 ]
1v1 RMWei vs Magyars
Player's team · WIN
Rival team · LOSS
[ REPLAY ANALYSIS · EXTRACTED FROM THE RECORDED GAME ]
Feudal
10:25
Castle
20:03
Imperial
33:09
| APM avg | 26.9 |
| APM peak | 66 |
| eAPM avg | 19.4 |
| Villagers / military | 145 / 126 |
Focus
⚔️ 39.4% · 🌾 60.6%
Spearman ×114 · Unknown (1949) ×58 · Unknown (1944) ×21 · Unknown (1942) ×12 · Scorpion ×8 · Monk ×3
Feudal
9:51
Castle
20:17
Imperial
38:38
| APM avg | 32.3 |
| APM peak | 102 |
| eAPM avg | 14.9 |
| Villagers / military | 110 / 214 |
Focus
⚔️ 29.8% · 🌾 70.2%
Knight ×96 · Skirmisher ×74 · Scout Cavalry ×32 · Cavalry Archer ×5 · Monk ×3 · Trebuchet (Packed) ×3
Match map
Initial resources + every placement click. Lines = walls · curves = elevation contours. ◆ gold · ⬟ stone · ● berries · ✦ relic · ◌ wall gap
Your base· Open — opponent sealed themselves in
Gocchi's base· ✓ Closed at 20:17 · 35t walls · 1 gate(s)
Smoothed initial terrain · ◌ = detected wall gap · hover for details
Inputs per minute
— Bebeso - - Gocchi
Build order — Bebeso
First 150 of 521 actions detected
| 0:01 | Create | Villager (Male) |
| 0:01 | Create | Villager (Male) |
| 0:01 | Create | Villager (Male) |
| 0:02 | Create | Villager (Male) |
| 0:02 | Create | Villager (Male) |
| 0:04 | Build | House |
| 0:06 | Build | House |
| 1:32 | Create | Villager (Male) |
| 1:33 | Create | Villager (Male) |
| 2:04 | Create | Villager (Male) |
| 2:04 | Create | Villager (Male) |
| 2:39 | Create | Villager (Male) |
| 2:39 | Create | Villager (Male) |
| 2:54 | Research | Loom |
| 3:14 | Create | Villager (Male) |
| 3:15 | Create | Villager (Male) |
| 3:20 | Build | House |
| 3:37 | Build | Lumber Camp |
| 4:00 | Create | Villager (Male) |
| 4:01 | Create | Villager (Male) |
| 4:01 | Create | Villager (Male) |
| 4:01 | Create | Villager (Male) |
| 4:43 | Create | Villager (Male) |
| 4:43 | Create | Villager (Male) |
| 4:43 | Create | Villager (Male) |
| 4:53 | Build | House |
| 5:04 | Build | Mill |
| 6:07 | Create | Villager (Male) |
| 6:22 | Build | Mill |
| 6:41 | Create | Villager (Male) |
| 7:25 | Create | Villager (Male) |
| 7:25 | Create | Villager (Male) |
| 8:00 | Research | Feudal Age |
| 8:17 | Build | Barracks |
| 8:38 | Build | House |
| 9:08 | Build | House |
| 9:36 | Build | House |
| 9:56 | Build | House |
| 10:02 | Build | House |
| 10:08 | Build | House |
| 10:10 | Build | Palisade Wall |
| 10:16 | Create | Villager (Male) |
| 10:16 | Create | Villager (Male) |
| 10:25 | Age | Feudal Age |
| 10:28 | Research | Double-Bit Axe |
| 10:34 | Create | Spearman |
| 10:34 | Create | Spearman |
| 10:39 | Create | Villager (Male) |
| 11:00 | Create | Spearman |
| 11:16 | Build | House |
| 11:23 | Create | Villager (Male) |
| 11:30 | Build | Mining Camp |
| 12:15 | Build | Blacksmith |
| 12:34 | Create | Villager (Male) |
| 12:35 | Create | Villager (Male) |
| 12:51 | Build | Farm |
| 13:02 | Build | Market |
| 13:12 | Create | Villager (Male) |
| 13:18 | Research | Horse Collar |
| 13:23 | Build | Farm |
| 13:25 | Build | Farm |
| 13:27 | Create | Villager (Male) |
| 13:30 | Build | Farm |
| 14:05 | Build | Farm |
| 14:07 | Create | Villager (Male) |
| 14:09 | Build | Farm |
| 14:12 | Build | Farm |
| 14:18 | Create | Spearman |
| 14:18 | Create | Spearman |
| 14:22 | Build | House |
| 14:27 | Build | House |
| 14:36 | Create | Spearman |
| 15:01 | Create | Villager (Male) |
| 15:02 | Create | Villager (Male) |
| 15:04 | Build | Farm |
| 15:09 | Build | Farm |
| 15:10 | Create | Villager (Male) |
| 15:25 | Build | Farm |
| 15:29 | Build | Farm |
| 15:33 | Build | Farm |
| 15:37 | Build | Farm |
| 16:08 | Build | Lumber Camp |
| 16:26 | Build | Palisade Wall |
| 16:33 | Create | Villager (Male) |
| 16:46 | Create | Villager (Male) |
| 16:57 | Build | Farm |
| 17:00 | Build | Farm |
| 17:13 | Research | Castle Age |
| 17:30 | Build | Mining Camp |
| 17:36 | Research | Gold Mining |
| 18:03 | Build | Farm |
| 18:17 | Build | Watch Tower |
| 18:36 | Build | Stable |
| 19:07 | Create | Villager (Male) |
| 19:07 | Create | Villager (Male) |
| 19:08 | Create | Villager (Male) |
| 19:20 | Research | Bloodlines |
| 19:27 | Research | Scale Barding Armor |
| 19:32 | Research | Forging |
| 20:03 | Age | Castle Age |
| 20:05 | Create | Unit 1944 |
| 20:05 | Create | Unit 1944 |
| 20:24 | Build | Town Center |
| 20:26 | Create | Villager (Male) |
| 20:27 | Create | Villager (Male) |
| 20:27 | Create | Villager (Male) |
| 20:27 | Create | Villager (Male) |
| 20:56 | Create | Unit 1944 |
| 21:01 | Create | Villager (Male) |
| 21:17 | Research | Bow Saw |
| 21:17 | Research | Bow Saw |
| 21:17 | Research | Bow Saw |
| 21:43 | Build | Siege Workshop |
| 21:54 | Build | Mining Camp |
| 22:04 | Create | Villager (Male) |
| 22:12 | Create | Villager (Male) |
| 22:12 | Create | Villager (Male) |
| 22:13 | Create | Villager (Male) |
| 22:13 | Create | Villager (Male) |
| 22:13 | Create | Villager (Male) |
| 22:29 | Research | Squires |
| 22:36 | Create | Scorpion |
| 22:36 | Create | Scorpion |
| 22:51 | Create | Unit 1944 |
| 22:52 | Create | Unit 1944 |
| 23:13 | Create | Villager (Male) |
| 23:13 | Create | Villager (Male) |
| 23:13 | Create | Villager (Male) |
| 23:14 | Create | Villager (Male) |
| 23:53 | Research | Husbandry |
| 23:56 | Create | Villager (Male) |
| 23:56 | Create | Villager (Male) |
| 23:57 | Create | Villager (Male) |
| 24:15 | Create | Villager (Male) |
| 24:16 | Create | Villager (Male) |
| 24:16 | Create | Villager (Male) |
| 24:19 | Build | Farm |
| 24:28 | Build | Farm |
| 24:30 | Create | Villager (Male) |
| 24:30 | Create | Villager (Male) |
| 24:31 | Create | Villager (Male) |
| 24:37 | Create | Villager (Male) |
| 24:37 | Create | Villager (Male) |
| 24:37 | Create | Villager (Male) |
| 24:57 | Build | Town Center |
| 25:03 | Create | Villager (Male) |
| 25:03 | Create | Villager (Male) |
| 25:08 | Create | Villager (Male) |
| 25:09 | Create | Villager (Male) |
| 25:22 | Create | Unit 1944 |
Build order — Gocchi
First 150 of 349 actions detected
| 0:00 | Create | Villager (Male) |
| 0:01 | Create | Villager (Male) |
| 0:01 | Create | Villager (Male) |
| 0:02 | Build | House |
| 0:04 | Build | House |
| 0:08 | Create | Villager (Male) |
| 0:08 | Create | Villager (Male) |
| 1:27 | Create | Villager (Male) |
| 1:27 | Create | Villager (Male) |
| 2:10 | Create | Villager (Male) |
| 2:11 | Create | Villager (Male) |
| 2:24 | Create | Villager (Male) |
| 2:24 | Create | Villager (Male) |
| 2:53 | Create | Villager (Male) |
| 3:29 | Create | Villager (Male) |
| 3:29 | Create | Villager (Male) |
| 3:33 | Build | Lumber Camp |
| 3:45 | Create | Villager (Male) |
| 3:46 | Create | Villager (Male) |
| 4:38 | Build | House |
| 4:39 | Build | House |
| 4:41 | Create | Villager (Male) |
| 4:45 | Research | Loom |
| 4:47 | Create | Villager (Male) |
| 5:02 | Build | Mill |
| 5:31 | Create | Villager (Male) |
| 6:01 | Create | Villager (Male) |
| 6:24 | Create | Villager (Male) |
| 6:41 | Create | Villager (Male) |
| 6:58 | Create | Villager (Male) |
| 7:37 | Research | Feudal Age |
| 7:46 | Build | Lumber Camp |
| 7:56 | Create | Villager (Male) |
| 8:34 | Build | Barracks |
| 9:17 | Build | House |
| 9:40 | Create | Villager (Male) |
| 9:51 | Age | Feudal Age |
| 9:54 | Build | Stable |
| 10:01 | Research | Double-Bit Axe |
| 10:12 | Build | Mill |
| 10:22 | Create | Spearman |
| 10:29 | Create | Villager (Male) |
| 10:41 | Build | House |
| 10:44 | Build | Palisade Wall |
| 10:49 | Build | Farm |
| 10:53 | Build | Farm |
| 10:57 | Create | Villager (Male) |
| 11:08 | Create | Scout Cavalry |
| 11:09 | Create | Scout Cavalry |
| 11:14 | Build | Farm |
| 11:16 | Build | Farm |
| 11:18 | Create | Villager (Male) |
| 11:31 | Build | House |
| 11:36 | Build | Palisade Wall |
| 11:37 | Create | Villager (Male) |
| 11:42 | Create | Scout Cavalry |
| 11:46 | Build | Farm |
| 12:06 | Build | Farm |
| 12:21 | Create | Villager (Male) |
| 12:28 | Build | Archery Range |
| 12:34 | Create | Villager (Male) |
| 12:37 | Build | House |
| 12:52 | Build | Farm |
| 13:00 | Create | Scout Cavalry |
| 13:04 | Build | Farm |
| 13:11 | Create | Villager (Male) |
| 13:24 | Build | House |
| 13:30 | Build | Farm |
| 13:41 | Create | Villager (Male) |
| 13:46 | Build | Farm |
| 13:56 | Build | Palisade Wall |
| 13:59 | Create | Villager (Male) |
| 14:19 | Build | House |
| 14:29 | Create | Skirmisher |
| 14:30 | Create | Skirmisher |
| 15:00 | Build | Blacksmith |
| 15:03 | Create | Villager (Male) |
| 15:03 | Create | Villager (Male) |
| 15:09 | Create | Skirmisher |
| 15:20 | Build | Mining Camp |
| 15:23 | Create | Villager (Male) |
| 15:27 | Create | Skirmisher |
| 15:35 | Build | House |
| 15:39 | Build | Palisade Wall |
| 15:42 | Build | Palisade Wall |
| 16:00 | Research | Horse Collar |
| 16:22 | Research | Wheelbarrow |
| 16:44 | Create | Skirmisher |
| 17:29 | Research | Castle Age |
| 17:38 | Build | Farm |
| 17:41 | Build | Farm |
| 17:44 | Build | Farm |
| 17:51 | Build | Market |
| 17:55 | Build | House |
| 17:57 | Create | Villager (Male) |
| 18:16 | Build | Mining Camp |
| 18:41 | Build | Gate |
| 18:45 | Build | House |
| 18:47 | Build | House |
| 18:56 | Build | House |
| 19:01 | Research | Bloodlines |
| 19:23 | Research | Scale Barding Armor |
| 19:24 | Research | Fletching |
| 19:31 | Create | Villager (Male) |
| 20:03 | Build | House |
| 20:17 | Age | Castle Age |
| 20:36 | Build | House |
| 20:50 | Research | Light Cavalry (upgrade) |
| 20:54 | Research | Chain Barding Armor |
| 20:55 | Create | Villager (Male) |
| 21:03 | Research | Bow Saw |
| 21:14 | Build | House |
| 21:16 | Create | Villager (Male) |
| 21:45 | Build | Mining Camp |
| 21:49 | Create | Villager (Male) |
| 21:51 | Research | Husbandry |
| 22:03 | Create | Villager (Male) |
| 22:12 | Research | Town Watch |
| 22:28 | Research | Heavy Plow |
| 22:36 | Create | Cavalry Archer |
| 22:36 | Create | Cavalry Archer |
| 22:53 | Create | Villager (Male) |
| 22:53 | Create | Villager (Male) |
| 23:31 | Create | Villager (Male) |
| 23:33 | Create | Cavalry Archer |
| 23:33 | Create | Cavalry Archer |
| 23:36 | Create | Scout Cavalry |
| 23:36 | Create | Scout Cavalry |
| 23:51 | Create | Villager (Male) |
| 23:57 | Create | Cavalry Archer |
| 24:00 | Create | Scout Cavalry |
| 24:14 | Build | Stable |
| 24:16 | Build | Stable |
| 24:26 | Create | Villager (Male) |
| 24:29 | Research | Scale Mail Armor |
| 24:42 | Build | Farm |
| 24:45 | Build | Farm |
| 24:48 | Build | Farm |
| 24:51 | Build | Farm |
| 24:53 | Build | Farm |
| 24:58 | Build | Farm |
| 25:00 | Create | Villager (Male) |
| 25:01 | Create | Villager (Male) |
| 25:07 | Research | Chain Barding Armor |
| 25:32 | Create | Knight |
| 25:33 | Create | Knight |
| 25:36 | Build | Farm |
| 25:38 | Build | Farm |
| 25:40 | Create | Villager (Male) |
| 25:49 | Build | Mill |
Match timeline
| 8:17 | Bebeso · first_building Barracks |
| 8:34 | Gocchi · first_building Barracks |
| 9:51 | Gocchi · age_up feudal |
| 9:54 | Gocchi · first_building Stable |
| 10:10 | Bebeso · wall_segment Palisade Wall x1 |
| 10:25 | Bebeso · age_up feudal |
| 10:44 | Gocchi · wall_segment Palisade Wall x9 |
| 11:36 | Gocchi · wall_segment Palisade Wall x6 |
| 12:28 | Gocchi · first_building Archery Range |
| 13:56 | Gocchi · wall_segment Palisade Wall x9 |
| 15:39 | Gocchi · wall_segment Palisade Wall x4 |
| 15:42 | Gocchi · wall_segment Palisade Wall x7 |
| 16:26 | Bebeso · wall_segment Palisade Wall x1 |
| 17:12 | Bebeso · first_market_buy 100 food |
| 18:36 | Bebeso · first_building Stable |
| 20:03 | Bebeso · age_up castle |
| 20:17 | Gocchi · age_up castle |
| 21:43 | Bebeso · first_building Siege Workshop |
| 25:43 | Bebeso · first_building Monastery |
| 27:01 | Bebeso · first_building Archery Range |
| 27:42 | Bebeso · first_market_sell 100 wood |
| 30:09 | Gocchi · wall_segment Stone Wall x7 |
| 30:18 | Gocchi · wall_segment Stone Wall x10 |
| 30:40 | Bebeso · first_building Castle |
| 33:09 | Bebeso · age_up imperial |
| 33:10 | Gocchi · first_building Castle |
| 34:29 | Gocchi · first_building Monastery |
| 35:34 | Gocchi · wall_segment Stone Wall x6 |
| 35:39 | Gocchi · wall_segment Stone Wall x10 |
| 36:09 | Gocchi · wall_segment Stone Wall x14 |
| 36:12 | Gocchi · wall_segment Stone Wall x8 |
| 38:38 | Gocchi · age_up imperial |
| 41:36 | Gocchi · wall_segment Stone Wall x23 |
| 42:05 | Gocchi · first_market_sell 100 food |
| 42:06 | Gocchi · first_market_buy 100 wood |
| 49:16 | Gocchi · resign |
[ AI ANALYSIS · 1 CREDIT ]
What really happened in this match?
Wolo.gg analyzes every decision: build order, eco, micro, common mistakes by bracket. Personalized analysis on WhatsApp or Discord in 30 seconds.
Civ guide
Wei
Map guide
Arabia
Perfil
Jugador #24469652